 Dungeon Crawl Stone Soup version 0.31-a0-774-g0d66cbabe8 (webtiles) character file.

Game seed: 15963713302993259657

1590 Descartes the Nimble (level 8, -2/32 HPs)
             Began as a Felid Shapeshifter on Sept 17, 2023.
             Slain by a sky beast (3 damage)
             ... on level 7 of the Dungeon.
             The game lasted 00:06:35 (6033 turns).

Descartes the Nimble (Felid Shapeshifter)           Turns: 6033, Time: 00:06:35

Health: -2/32      AC:  2    Str: 12    XL:     8   Next: 61%
Magic:  9/9        EV: 21    Int: 12    God:
Gold:   416        SH:  0    Dex: 15    Spells: 7/7 levels left
                                        Lives:  0   Deaths: 3

rFire   . .          .
                       - Unarmed
rCold   . . .        (shield unavailable)
rNeg    . . .        (body armour unavailable)
rPois   .            (helmet unavailable)
rElec   .            (cloak unavailable)
rCorr   .            (gloves unavailable)
SInv    +            (boots unavailable)
Will    +....        (no amulet)
Stlth   +++          (no ring)
HPRegen 0.25/turn    (no ring)
MPRegen 0.11/turn

%: no passive effects
@: beast-form, quick
A: beast (slay +3), very small, claws 1, fangs 3, see invisible, speed 1, shaggy
fur 2, stealthy paws, no weapons or thrown items, no armour, multi-lived
a: Begin Untransformation


You were on level 7 of the Dungeon.
You were a hulking beast.
You visited 1 branch of the dungeon, and saw 7 of its levels.

You collected 416 gold pieces.

Inventory:

Jewellery
 r - a ring of poison resistance
Talismans
 b - a beast talisman (active)
 c - a flux talisman
 d - a beast talisman (active)
 l - a flux talisman
 x - a beast talisman (active)
Wands
 m - a wand of flame (34)
 y - a wand of acid (7)
Scrolls
 a - a scroll of enchant armour {unknown}
 e - 3 scrolls of immolation {unknown}
 k - 3 scrolls of identify {unknown}
 n - a scroll of acquirement {unknown}
 q - a scroll of torment {unknown}
 t - a scroll of blinking {unknown}
 u - a scroll of fog {unknown}
 v - 2 scrolls of enchant weapon {unknown}
 w - a scroll of fear {unknown}
Potions
 f - 3 potions of brilliance {unknown}
 g - a potion of attraction {unknown}
 h - 3 potions of curing {unknown}
 i - 3 potions of heal wounds {unknown}
 j - a potion of invisibility {unknown}
 o - a potion of mutation {unknown}
 p - a potion of degeneration {unknown}
 s - 3 potions of haste {unknown}


   Skills:
 - Level 1.0 Fighting
 + Level 8.1 Dodging
 + Level 5.6 Stealth
 + Level 6.5 Unarmed Combat
 + Level 6.6 Shapeshifting


You had 7 spell levels left.
You didn't know any spells.
Your spell library contained the following spells:

 Spells                   Type           Power      Damage    Failure   Level
 Inner Flame              Hex/Fire       0%         N/A       69%         3
 Yara's Violent Unravell  Hex/Tmut       0%         3d3       100%        5
 Enfeeble                 Hex            0%         N/A       100%        7


Dungeon Overview and Level Annotations

Branches:
Dungeon (7/15)
 Temple: D:4-7

Altars:
Ashenzari
Cheibriados
Dithmenos
Elyvilon
Gozag
Kikubaaqudgha
Makhleb
Sif Muna
Vehumet
Wu Jian
Xom
Yredelemnul
Zin

Annotations:
D:3 1 runed translucent door, Crazy Yiuf


Innate Abilities, Weirdness & Mutations

You are a hulking beast.
Your limbs bulge with bestial killing power. (Slay +3)
You have sharp claws.
You have razor-sharp teeth.
You have supernaturally acute eyesight. (SInv)
You cover ground quickly. (Speed+)
You are covered in thick fur. (AC +2)
Your paws help you pounce on unaware monsters.
You are incapable of wielding weapons or throwing items.
You cannot wear armour.
You gain extra lives every three experience levels.


Message History

You are too injured to fight recklessly!
You are too injured to fight recklessly!
You are too injured to fight recklessly!
You are too injured to fight recklessly!
You are too injured to fight recklessly!
You are too injured to fight recklessly!
You are too injured to fight recklessly!
You are too injured to fight recklessly!
You are too injured to fight recklessly!
You are too injured to fight recklessly!
You are too injured to fight recklessly!
You are too injured to fight recklessly!
You are too injured to fight recklessly!
You are too injured to fight recklessly!
Unknown command.
You barely miss the sky beast.
The sky beast is moderately wounded.
Unknown command.
You closely miss the sky beast.
The sky beast is moderately wounded.
The sky beast flickers out of sight for a moment.
The sky beast completely misses you.
You scratch the sky beast but do no damage.
The sky beast is moderately wounded.
The sky beast closely misses you.
Unknown command.
You scratch the sky beast.
The sky beast is moderately wounded.
The sky beast hits you.
* * * LOW HITPOINT WARNING * * *
The sky beast shocks you.
* * * LOW HITPOINT WARNING * * *
You scratch the sky beast. Your bite misses the sky beast.
The sky beast is heavily wounded.
The sky beast misses you.
Unknown command.
You closely miss the sky beast.
The sky beast is heavily wounded.
The sky beast hits you.
You die...

............#.
.............
..............
.............
.............
............
.......†##.#
......Yh##.#
.....~.....#
...........####...
####......<.....#
#.#..........#
#.##.....###... #
#.....# ## ##..###
##.#


You could see a sky beast (invisible).

Vanquished Creatures
  Jeremiah (D:6)
  Grinder (D:4)
  Sigmund (D:2)
  A water moccasin (D:7)
  An ice beast (D:6)
  2 centaurs (D:6)
  A phantom (D:5)
  A scorpion (D:3)
  2 howler monkeys
  A hound (D:6)
  A jelly (D:6)
  3 orc priests (D:3)
  3 iguanas
  Ijyb (D:5)
  10 adders
  A shadow imp (D:4)
  A white imp (D:6)
  An ufetubus (D:5)
  2 worms (D:2)
  A dart slug (D:1)
  4 orcs
  5 endoplasms
  3 giant cockroaches
  5 goblins
  3 hobgoblins
  2 quokkas
  7 ball pythons
  3 bats (D:2)
  7 frilled lizards (D:5)
  3 kobolds
  5 rats
83 creatures vanquished.

Notes
Turn   | Place    | Note
-------+----------+-------------------------------------------
     0 | D:1      | Descartes the Felid Shapeshifter began the quest for the
                  | Orb.
     0 | D:1      | Reached XP level 1. HP: 9/9 MP: 2/2
   292 | D:1      | Reached skill level 3 in Dodging
   350 | D:1      | Reached XP level 2. HP: 3/12 MP: 3/3
   986 | D:2      | Noticed Sigmund
  1210 | D:2      | Reached XP level 3. HP: 12/15 MP: 4/4
  1701 | D:3      | Found a broken altar of Ashenzari.
  1708 | D:3      | Reached skill level 4 in Dodging
  1708 | D:3      | Reached XP level 4. HP: 12/19 MP: 5/5
  1797 | D:3      | Reached XP level 5. HP: 5/22 MP: 6/6
  1912 | D:3      | Found an ancient bone altar of Kikubaaqudgha.
  1995 | D:3      | Found a burning altar of Makhleb.
  2015 | D:3      | Reached skill level 5 in Dodging
  2058 | D:3      | Found a shimmering blue altar of Sif Muna.
  2252 | D:3      | Identified the +10 hammer of Ascent {heavy, rN+ Stlth+}
  2258 | D:3      | Found a runed translucent door.
  2259 | D:3      | Noticed Crazy Yiuf
  2354 | D:4      | Found a radiant altar of Vehumet.
  2438 | D:4      | Found a snail-covered altar of Cheibriados.
  2640 | D:4      | Gained mutation: You are covered in thick fur. (AC +2)
                  | [Felid growth]
  2640 | D:4      | Reached XP level 6. HP: 16/25 MP: 7/7
  2756 | D:4      | Noticed Grinder
  2774 | D:4      | Killed Grinder
  2775 | D:4      | Reached skill level 6 in Dodging
  2775 | D:4      | Reached skill level 5 in Unarmed Combat
  2775 | D:4      | Reached skill level 5 in Shapeshifting
  2787 | D:4      | Found an opulent altar of Gozag.
  2929 | D:5      | Entered Level 5 of the Dungeon
  3388 | D:5      | Noticed Ijyb
  3404 | D:5      | Killed Ijyb
  3623 | D:5      | Reached skill level 1 in Stealth
  3623 | D:5      | Reached XP level 7. HP: 28/28 MP: 8/8
  3647 | D:5      | Found a glowing silver altar of Zin.
  4338 | D:2      | Killed Sigmund
  5078 | D:6      | Found a shadowy altar of Dithmenos.
  5126 | D:6      | Shot with an arrow by a centaur
  5144 | D:6      | Noticed Jeremiah
  5147 | D:6      | Killed Jeremiah
  5148 | D:6      | Reached skill level 7 in Dodging
  5148 | D:6      | Reached XP level 8. HP: 32/32 MP: 9/9
  5154 | D:6      | Found a shimmering altar of Xom.
  5167 | D:6      | HP: 1/32 [centaur (1)]
  5169 | D:6      | Slain by a centaur
  5200 | D:6      | Found an ornate altar of the Wu Jian Council.
  5200 | D:6      | Found a white marble altar of Elyvilon.
  5555 | D:6      | Found a basalt altar of Yredelemnul.
  5562 | D:6      | Found Giad's Jewellery Boutique.
  5737 | D:6      | Reached skill level 5 in Stealth
  5773 | D:6      | Slain by a centaur
  6021 | D:7      | Reached skill level 8 in Dodging
  6031 | D:7      | HP: 1/32 [sky beast (5)]
  6033 | D:7      | Slain by a sky beast

Illustrated notes

Levels and vault maps discovered:
D:1:      matt_arrival_refuge, layout_basic
D:2:      layout_basic, uniq_sigmund
D:3:      layout_loops_cross, amcnicky_altar_gilded, old_standard_altar,
          mainiacjoe_overflow_large_starburst, uniq_crazy_yiuf_cottage
D:4:      layout_rooms, slow_altar_2, mainiacjoe_overflow_small_starburst,
          mainiacjoe_overflow_alcove_2, nicolae_figureground_pulse, uniq_grinder
D:5:      layout_layer_cave, zin_statuary, minmay_lizard_king, uniq_ijyb
D:6:      layout_loops_ring, mainiacjoe_overflow_surrounded_room,
          nicolae_overflow_hidden_temple, nicolae_dithmenos_shadow_blocks,
          nicolae_overflow_two_pavilions, serial_shops,
          nicolae_shop_hallway_plus, uniq_jeremiah
D:7:      layout_rooms, kennysheep_little_box, minmay_temple_entry_statues,
          kennysheep_generic_room_9, uniq_joseph

Skill      XL: |  1  2  3  4  5  6  7  8 |
---------------+-------------------------+-----
Dodging        | 3 4 5 6 7 8 |  8.1
Shapeshifting  | 4 5 6 |  6.6
Unarmed Combat | 4 5 6 |  6.5
Stealth        | 1 4 5 |  5.6
Fighting       | |  1.0

Action                     |  1- 3 |  4- 6 |  7- 9 || total
---------------------------+-------+-------+-------++-------
  Melee: Unarmed           |    84 |    83 |    92 ||   259
         Bite              |    10 |    11 |    12 ||    33
         Punch             |       |     2 |     6 ||     8
    Use: Potion            |       |     1 |     1 ||     2
   Stab: Sleeping          |     5 |     1 |     9 ||    15
         Distracted        |       |       |     1 ||     1
 Armour: Skin              |    25 |    24 |    52 ||   101
  Dodge: Dodged            |    54 |    51 |    97 ||   202

Table legend: (Time is in decaauts)
 A = Elapsed time spent in this place.
 B = Non-inter-level travel time spent in this place.
 C = Inter-level travel time spent in this place.
 D = Time resting spent in this place.
 E = Time spent auto-exploring this place.
 F = Levels seen in this place.
 G = Mean time per level.
                   A        B        C        D        E       F      G
               +--------+--------+--------+--------+--------+-----+--------+
         Total |   5092 |   4639 |    453 |      0 |   4004 |   7 |  727.4 |
       Dungeon |   5092 |   4639 |    453 |      0 |   4004 |   7 |  727.4 |
               +--------+--------+--------+--------+--------+-----+--------+

Top non-repeatable levels by time:
     D:3: 1068 daAuts
     D:5: 1037 daAuts
     D:1: 869 daAuts
     D:6: 848 daAuts
     D:2: 817 daAuts
     D:4: 433 daAuts
     D:7: 17 daAuts
